 Dungeon Crawl Stone Soup version 0.31.0-12-g77e489cdc1 (webtiles) character file.

Game seed: 8928544710356043922

19210 Tovical the Carver (level 12, -3/80 HPs)
             Began as a Tengu Reaver on Mar 3, 2024.
             Was an Elder of Kikubaaqudgha.
             Slain by a nine-headed hydra (9 damage)
             ... on level 2 of the Lair of Beasts.
             The game lasted 01:25:11 (14005 turns).

Tovical the Carver (Tengu Reaver)                  Turns: 14005, Time: 01:25:12

Health: -3/80      AC:  5    Str: 18    XL:     12   Next: 66%
Magic:  16/19      EV: 20    Int: 12    God:    Kikubaaqudgha [****..]
Gold:   828        SH:  0    Dex: 12    Spells: 7/19 levels left

rFire   . . .        a - +1 great sword (drain)
rCold   . . .        (shield currently unavailable)
rNeg    . . .        h - +1 troll leather armour
rPois   +            (helmet restricted)
rElec   .            n - +0 cloak
rCorr   .            (no gloves)
SInv    .            (boots unavailable)
Will    .....        (no amulet)
Stlth   +            (no ring)
HPRegen 1.13/turn    (no ring)
MPRegen 0.16/turn

%: acrobat
@: flying
A: beak, talons 3, evasive flight, acrobatic, dopey 1, poison resistance
a: Renounce Religion, Unearth Wretches


You were on level 2 of the Lair of Beasts.
You worshipped Kikubaaqudgha.
Kikubaaqudgha was greatly pleased with you.
You visited 3 branches of the dungeon, and saw 16 of its levels.

You collected 828 gold pieces.

Inventory:

Hand Weapons
 a - a +1 great sword of draining (weapon)
 b - a +5 scimitar
 q - a +3 scimitar of freezing
Missiles
 f - a curare-tipped dart
Armour
 h - a +1 troll leather armour (worn)
 n - a +0 cloak (worn)
Wands
 c - a wand of iceblast (2)
 d - a wand of paralysis (3) (quivered)
 k - a wand of digging (5)
Scrolls
 e - a scroll of revelation
 i - 2 scrolls of blinking
 j - 3 scrolls of fog
 l - 4 scrolls of identify
 o - 2 scrolls of poison
 p - 2 scrolls of torment
 r - 2 scrolls of teleportation
 t - a scroll of fear
Potions
 g - a potion of resistance
 m - 7 potions of ambrosia
 s - a potion of curing


   Skills:
 + Level 11.6 Fighting
 + Level 12.7 Long Blades
 + Level 12.5 Dodging
 - Level 4.0 Spellcasting
 - Level 4.0 Conjurations
 - Level 6.0 Necromancy


You had 7 spell levels left.
You knew the following spells:

 Your Spells              Type           Power      Damage    Failure   Level
a - Kiss of Death         Conj/Necr      56%        2d9       3%          1
b - Momentum Strike       Conj/Tloc      14%        3d8       17%         2
c - Necrotise             Necr           64%        1d7       2%          1
d - Vampiric Draining     Necr           16%        2d7       7%          3
e - Fugue of the Fallen   Necr           16%        N/A       7%          3
f - Cigotuvi's Dreadful   Necr/Alch/Air  14%        N/A       17%         2

Your spell library contained the following spells:

 Spells                   Type           Power      Damage    Failure   Level
 Dispel Undead            Necr           16%        3d10      22%         4
 Summon Small Mammal      Summ           8%         N/A       26%         1
 Hailstorm                Conj/Ice       7%         3d5       34%         3
 Anguish                  Hex/Necr       4%         N/A       58%         4
 Martyr's Knell           Necr/Summ      9%         N/A       58%         4
 Call Canine Familiar     Summ           2%         N/A       61%         3
 Summon Ice Beast         Ice/Summ       2%         N/A       61%         3
 Borgnjor's Vile Clutch   Necr/Erth      4%         N/A       91%         5
 Summon Blazeheart Golem  Fire/Summ      2%         N/A       95%         4
 Sculpt Simulacrum        Ice/Alch       1%         N/A       100%        6
 Orb of Destruction       Conj           6%         9d6       100%        7
 Spellforged Servitor     Conj/Summ      3%         N/A       100%        7


Dungeon Overview and Level Annotations

Branches:
Dungeon (12/15)            Temple (1/1) D:5            Lair (3/5) D:11
 Shoals (0/4) Lair:2
  Snake: Lair:2-3    Spider: Lair:2-3       Orc: D:9-12

Altars:
Ashenzari
Cheibriados
Dithmenos
Elyvilon
Fedhas
Gozag
Hepliaklqana
Kikubaaqudgha
Makhleb
Nemelex Xobeh
Okawaru
Qazlal
Ru
Sif Muna
Trog
Uskayaw
Vehumet
Wu Jian
Xom
Yredelemnul
Zin
The Shining One
Jiyva

Shops:
D:6 *   D:10 *

Portals:
Trove: D:10 (give 18 potions of curing)

Annotations:
Lair:1 3 runed translucent doors, 1 exclusion, globin's ghost, novice TrFi
Lair:2 3 runed translucent doors, Lhightning's ghost, journeyman HOFi


Innate Abilities, Weirdness & Mutations

You have a beak for a mouth.
You have claws for feet.
Your magical flight helps you evade attacks. (EV +4)
You can magically evade attacks while moving or waiting.
You are dopey. (Int -2)
Your system is resistant to poisons. (rPois)


Message History

The six-headed hydra grows two more!
You slice the eight-headed hydra!! You drain the eight-headed hydra.
The eight-headed hydra is almost dead.
The eight-headed hydra bites you. The eight-headed hydra misses you. x2
The eight-headed hydra bites you. The eight-headed hydra bites you! x2
The eight-headed hydra bites you. The eight-headed hydra misses you.
You lop one of the eight-headed hydra's heads off!
The seven-headed hydra grows two more!
You slash the nine-headed hydra! Your kick misses the nine-headed hydra.
The nine-headed hydra is severely wounded.
The nine-headed hydra bites you.
The nine-headed hydra bites you but does no damage.
The nine-headed hydra closely misses you.
The nine-headed hydra bites you.
* * * LOW HITPOINT WARNING * * *
The nine-headed hydra closely misses you. x2
The nine-headed hydra bites you but does no damage.
The nine-headed hydra completely misses you.
The nine-headed hydra barely misses you.
Press: ? - help, v - describe, . - travel
Here: a nine-headed hydra (severely wounded, lightly drained)
The floor, spattered with blood.
Casting: Vampiric Draining (dangerous; 7% risk of failure)
Confirm with . or Enter, or press ? or * to list all spells.
Aiming: Vampiric Draining (dangerous; 7% risk of failure)
Press: ? - help, Shift-Dir - straight line, f - nine-headed hydra
Aim: a nine-headed hydra (severely wounded, lightly drained)
You draw life force from the nine-headed hydra.
You feel life coursing into your body. The nine-headed hydra bites you!
* * * LOW HITPOINT WARNING * * *
The nine-headed hydra completely misses you.
The nine-headed hydra bites you but does no damage.
The nine-headed hydra bites you!
* * * LOW HITPOINT WARNING * * *
The nine-headed hydra bites you.
* * * LOW HITPOINT WARNING * * *
The nine-headed hydra bites you but does no damage.
The nine-headed hydra misses you. The nine-headed hydra bites you!
You die...
Kikubaaqudgha rasps: "You have failed me!
Welcome... death!"

. .... ##.. ....
###.... ....P
###.......
....P####.........
.......#..@D......
..................
..................
#.................
#.................
#.................
##................
#...............P
##..............


You could see a nine-headed hydra (drained).

Vanquished Creatures
  A boulder beetle (D:11)
  A two-headed ogre (D:10)
  Urug (Lair:2)
  A cyclops (D:12)
  8 elephants (Lair:2)
  2 cane toads
  A kobold demonologist (D:9)
  2 rime drakes
  2 komodo dragons
  3 trolls
  A hornet (D:10)
  A queen bee (Lair:1)
  Prince Ribbit (D:7)
  5 blink frogs
  A shadow (D:11)
  14 yaks
  A basilisk (D:11)
  4 wyverns
  2 wraiths
  3 vampire mosquitoes (D:10)
  6 water moccasins
  3 acid dragons
  An orc warrior (D:8)
  4 ice beasts
  7 centaurs
  3 ogres
  11 wolves
  3 phantoms
  7 bullfrogs
  2 kobold brigands
  3 scorpions
  11 wights
  32 killer bees
  3 howler monkeys (D:10)
  A bombardier beetle (D:6)
  5 hounds
  A gnoll bouda (D:7)
  5 orc priests
  7 orc wizards
  2 iguanas
  9 adders
  4 gnolls (D:7)
  2 white imps (D:7)
  2 ufetubi (Temple)
  4 ribbon worms
  27 orcs
  7 ball pythons
  7 endoplasms
  3 giant cockroaches
  2 hobgoblins
  5 quokkas
  2 bats
  6 frilled lizards
  6 goblins
  12 kobolds
  2 rats
272 creatures vanquished.

Notes
Turn   | Place    | Note
-------+----------+-------------------------------------------
     0 | D:1      | Tovical the Tengu Reaver began the quest for the Orb.
     0 | D:1      | Reached XP level 1. HP: 12/12 MP: 4/4
   159 | D:1      | Reached XP level 2. HP: 17/17 MP: 6/6
  1006 | D:2      | Found a shadowy altar of Dithmenos.
  1064 | D:2      | Reached skill level 1 in Necromancy
  1227 | D:2      | Reached XP level 3. HP: 21/21 MP: 7/7
  1713 | D:2      | Reached XP level 4. HP: 19/26 MP: 6/8
  2348 | D:3      | Reached XP level 5. HP: 22/32 MP: 10/10
  2413 | D:3      | Noticed a phantom
  2609 | D:4      | Noticed an ogre
  2840 | D:4      | Reached XP level 6. HP: 36/37 MP: 11/11
  2932 | D:5      | Entered Level 5 of the Dungeon
  2932 | D:5      | Noticed an ice beast
  3333 | D:5      | Found a staircase to the Ecumenical Temple.
  3339 | Temple   | Entered the Ecumenical Temple
  3398 | Temple   | Became a worshipper of Kikubaaqudgha
  3596 | Temple   | Gained mutation: You are dopey. (Int -2) [potion of
                  | mutation]
  3596 | Temple   | Gained mutation: Your system is resistant to poisons.
                  | (rPois) [potion of mutation]
  3637 | D:5      | Gained mutation: Your magical flight helps you evade
                  | attacks. (EV +4) [Tengu growth]
  3637 | D:5      | Reached XP level 7. HP: 32/32 MP: 13/13
  3856 | D:5      | Found a sparkling altar of Nemelex Xobeh.
  4191 | D:4      | Reached skill level 5 in Long Blades
  4778 | D:3      | Learned a level 2 spell: Momentum Strike
  4792 | D:4      | Reached * piety under Kikubaaqudgha
  4792 | D:4      | Received a gift from Kikubaaqudgha
  4800 | D:4      | Learned a level 1 spell: Necrotise
  4804 | D:4      | Learned a level 3 spell: Vampiric Draining
  4808 | D:4      | Learned a level 3 spell: Fugue of the Fallen
  5384 | D:5      | Reached XP level 8. HP: 38/48 MP: 15/15
  5406 | D:5      | Reached skill level 5 in Dodging
  5793 | D:5      | Found a snail-covered altar of Cheibriados.
  5939 | D:6      | Found Xylozis's General Store.
  6021 | D:6      | Reached skill level 5 in Fighting
  6159 | D:6      | Reached skill level 5 in Necromancy
  6807 | D:7      | Noticed Prince Ribbit
  6817 | D:7      | Killed Prince Ribbit
  6818 | D:7      | Reached XP level 9. HP: 53/55 MP: 14/16
  6885 | D:8      | Found an iron altar of Okawaru.
  7055 | D:7      | Learned a level 2 spell: Cigotuvi's Dreadful Rot
  7452 | D:8      | Reached ** piety under Kikubaaqudgha
  7955 | D:8      | Noticed a troll
  7974 | D:8      | Killed a troll
  8488 | D:10     | Entered Level 10 of the Dungeon
  9183 | D:9      | Noticed a kobold demonologist
  9192 | D:9      | Noticed an ice devil
  9194 | D:9      | Killed a kobold demonologist
  9195 | D:9      | Reached XP level 10. HP: 63/63 MP: 17/17
  9289 | D:9      | HP: 3/88 [wight/+0 spear (5)]
  9289 | D:9      | HP: 1/85 [wight/+0 spear (2)]
  9926 | D:10     | Found a portal to a secret trove of treasure.
 10104 | D:11     | Noticed a two-headed ogre
 10111 | D:10     | Killed a two-headed ogre
 10182 | D:10     | Found a shadowy altar of Dithmenos.
 10182 | D:10     | Found a shimmering blue altar of Sif Muna.
 10184 | D:10     | Found a radiant altar of Vehumet.
 10184 | D:10     | Found a basalt altar of Yredelemnul.
 10185 | D:10     | Found a shimmering altar of Xom.
 10185 | D:10     | Found a hide-covered altar of Uskayaw.
 10187 | D:10     | Found a glowing silver altar of Zin.
 10187 | D:10     | Found a hazy altar of Hepliaklqana.
 10187 | D:10     | Found a white marble altar of Elyvilon.
 10349 | D:10     | Found Ylim's General Store.
 10374 | D:10     | Reached *** piety under Kikubaaqudgha
 10374 | D:10     | Received a gift from Kikubaaqudgha
 10408 | D:10     | Reached skill level 10 in Long Blades
 10408 | D:10     | Reached XP level 11. HP: 37/71 MP: 4/18
 10658 | D:11     | Reached skill level 10 in Dodging
 11001 | D:11     | Found a staircase to the Lair.
 11012 | D:11     | Noticed a boulder beetle
 11041 | D:11     | Killed a boulder beetle
 11530 | D:12     | Noticed a cyclops
 11536 | D:12     | Killed a cyclops
 11682 | Lair:1   | Entered Level 1 of the Lair of Beasts
 11828 | Lair:1   | Reached skill level 10 in Fighting
 12191 | Lair:1   | Reached **** piety under Kikubaaqudgha
 12652 | Lair:1   | Reached XP level 12. HP: 64/78 MP: 19/19
 13049 | Lair:1   | Found a runed translucent gate.
 13049 | Lair:1   | Found a runed translucent gate.
 13062 | Lair:1   | Found a runed translucent gate.
 13065 | Lair:1   | Noticed globin's ghost (novice TrFi)
 13068 | Lair:1   | Found a viscous altar of Jiyva.
 13169 | Lair:2   | Found a staircase to the Shoals.
 13749 | Lair:2   | Noticed Urug
 13776 | Lair:2   | Killed Urug
 13965 | Lair:2   | Found a runed translucent gate.
 13966 | Lair:2   | Found a runed translucent gate.
 13967 | Lair:2   | Found a runed translucent gate.
 13967 | Lair:2   | Noticed Lhightning's ghost (journeyman HOFi)
 13967 | Lair:2   | Noticed a nine-headed hydra
 13968 | Lair:2   | Noticed a 13-headed hydra
 13996 | Lair:2   | Noticed a six-headed hydra
 14005 | Lair:2   | Slain by a nine-headed hydra

Illustrated notes

Levels and vault maps discovered:
D:1:      minmay_arrival_plants_in_alcoves, layout_basic
D:2:      layout_basic, basic_altar, kennysheep_generic_room_8
D:3:      layout_loops_ring
D:4:      layout_basic, nicolae_ossuary_entry_monument
D:5:      layout_loops_ring, nemelex_dance_club_becter, slow_altar_2,
          minmay_temple_entry_wispy, kennysheep_path_1
D:6:      layout_cave_pools, serial_shops, shop
D:7:      layout_loops_cross, uniq_prince_ribbit1
D:8:      layout_gridville, amcnicky_altar_gilded
D:9:      layout_layer_cave, hiddenorc1_lemuel
D:10:     layout_loops_ring, nicolae_overflows_in_rows,
          nicolae_trove_entry_crossroad, serial_shops, nicolae_shop_statue_plus
D:11:     layout_loops_cross, minmay_lair_entry_grove
D:12:     layout_irregular_city, serial_column_ruins, column_ruins_open_tiny,
          column_ruins_open_medium, column_ruins_grid_1, column_ruins_grid_1,
          column_ruins_corridor_T, column_ruins_open_tiny,
          column_ruins_open_tiny, minmay_misc_feat_diagonals
Temple:   hellmonk_temple_beads
Lair:1:   layout_gridlike, special_room [special_room_bee],
          gammafunk_ghost_ooze, lemuel_fruit_tree
Lair:2:   layout_cave_pods, minmay_shoals_entry_centaurs,
          portal_ice_cave_entry_imps, gammafunk_ghost_hydra_chop, uniq_urug
Lair:3:   layout_loops_ring, nicolae_spider_entry_tight_spaces,
          nicolae_lair_grove_arrangements, lemuel_fruit_fields,
          grunt_megastairs_5

Skill      XL: |  1  2  3  4  5  6  7  8  9 10 11 12 |
---------------+-------------------------------------+-----
Necromancy     | 1 2 3 4 5 6 |  6.0
Dodging        | 3 4 6 8 9 11 12 | 12.5
Long Blades    | 4 5 6 8 10 11 12 | 12.7
Fighting       | 3 4 5 7 9 10 11 | 11.6
Spellcasting   | 3 4 |  4.0
Conjurations   | |  4.0

Action                     |  1- 3 |  4- 6 |  7- 9 | 10-12 || total
---------------------------+-------+-------+-------+-------++-------
  Melee: Falchion          |    61 |       |     9 |       ||    70
         Kick              |    16 |    21 |    57 |   148 ||   242
         Peck              |     7 |    15 |    32 |   105 ||   159
         Punch             |     1 |     3 |       |       ||     4
         Dagger            |    32 |   106 |     8 |       ||   146
         Great sword       |       |       |   189 |   346 ||   535
         Scimitar          |       |       |       |   106 ||   106
  Throw: Dart              |     1 |     9 |     5 |       ||    15
         Boomerang         |       |       |     9 |       ||     9
   Cast: Kiss of Death     |     2 |     3 |       |       ||     5
         Necrotise         |       |       |    16 |       ||    16
         Vampiric Draining |       |       |    12 |    51 ||    63
         Cigotuvi's Dreadf |       |       |     1 |       ||     1
         Fugue of the Fall |       |       |       |     1 ||     1
  Evoke: Wand              |       |       |    16 |    18 ||    34
    Use: Scroll            |     3 |     6 |    12 |     8 ||    29
         Potion            |       |     5 |       |     5 ||    10
   Stab: Paralysed         |       |       |     3 |     6 ||     9
 Armour: Leather armour    |    39 |    61 |    75 |       ||   175
         Troll leather arm |       |       |    31 |   344 ||   375
  Dodge: Dodged            |    66 |    77 |   220 |   772 ||  1135
